 Dungeon Crawl Stone Soup version 0.16-a0-3288-g377cd6f (webtiles) character file.

893 Miyamura the Practitioner (level 7, -1/62 HPs)
             Began as a Deep Dwarf Healer on Dec 24, 2014.
             Was an Initiate of Elyvilon.
             Slain by Duvessa
             ... wielding a +0 short sword
              (6 damage)
             ... on level 5 of the Dungeon.
             The game lasted 00:24:45 (4945 turns).

Miyamura the Practitioner (Deep Dwarf Healer)       Turns: 4945, Time: 00:24:45

Health: -1/62      AC: 11    Str: 16      XL:     7   Next: 78%
Magic:  17/17      EV: 11    Int: 14      God:    Elyvilon [......]
Gold:   244        SH:  0    Dex:  5 (12) Spells: 0 memorised, 6 levels left

rFire  . . .     SeeInvis .     s - +2 spear
rCold  . . .     Clarity  .     m - +1 ring mail
rNeg   . . .     SustAb   .     (no shield)
rPois  .         Gourm    .     (no helmet)
rElec  .         Spirit   .     a - +1 cloak
rCorr  .         Warding  .     j - +0 pair of gloves
rMut   .         Stasis   .     t - +0 pair of boots (curse)
MR     +....                    (no amulet)
Stlth  ..........               (no ring)
                                (no ring)

@: non-regenerating, drained, somewhat resistant to hostile enchantments,
extremely unstealthy
A: damage resistance, recharge devices, sense surroundings 1, slow healing 3
a: Device Recharging, Lesser Healing, Renounce Religion


You were on level 5 of the Dungeon.
You worshipped Elyvilon.
Elyvilon was noncommittal.
You were not hungry.

You visited 1 branch of the dungeon, and saw 5 of its levels.

You collected 244 gold pieces.

Inventory:

Hand weapons
 s - a +2 spear (weapon)
Armour
 a - a +1 cloak (worn)
 j - a +0 pair of gloves (worn)
 m - a +1 ring mail (worn)
 n - a +0 plate armour
 t - a cursed +0 pair of boots (worn)
Jewellery
 e - an uncursed ring of protection from magic {unknown}
 l - an uncursed ring of see invisible {unknown}
 r - an uncursed ring of positive energy {unknown}
Magical devices
 d - a wand of heal wounds (0)
Scrolls
 h - a scroll of teleportation
 k - 6 scrolls of identify
 q - a scroll of amnesia
 z - a scroll of immolation {unknown}
 A - a scroll of enchant armour
 B - a scroll of enchant weapon
Potions
 b - 4 potions of curing
 c - 6 potions of heal wounds
 g - 2 potions of resistance {unknown}
 i - a potion of brilliance {unknown}
 o - 2 potions of might
 u - a potion of haste {unknown}
 x - a potion of cancellation {unknown}
Books
 y - a book of Unlife

   Spells                             Type                      Level
   a - Recall                         Summoning/Translocation      3
   b - Animate Dead                   Necromancy                   4
   c - Control Undead                 Necromancy                   4
   d - Cigotuvi's Embrace             Necromancy                   5
   e - Death Channel                  Necromancy                   6
   f - Simulacrum                     Ice/Necromancy               6
   Elyvilon opposes the use of such an evil item.
Comestibles
 f - 6 bread rations
 p - 3 royal jellies
 v - 2 chunks of flesh
 w - 3 meat rations


   Skills:
 + Level 3.3(2.6) Fighting
 + Level 2.6(1.9) Polearms
 + Level 3.8(3.1) Armour
 + Level 4.5(3.7) Dodging
 * Level 7.7(6.9) Invocations


You had 6 spell levels left.
You didn't know any spells.

Dungeon Overview and Level Annotations

Branches:
Dungeon (5/15)
 Temple: D:4-7

Altars:
Cheibriados
Fedhas
Qazlal

Annotations:
D:5 Duvessa; WereVolvo's ghost, experienced OgHu


Innate Abilities, Weirdness & Mutations

You are resistant to damage.
You can recharge devices by infusing magical energy.
You passively map a small area around you.
You do not heal naturally.


Message History

You hit Duvessa.
Duvessa is lightly wounded.
Duvessa misses you. Duvessa closely misses you.
You closely miss Duvessa.
Duvessa is lightly wounded.
Duvessa hits you with a short sword!
* * * LOW HITPOINT WARNING * * *
You hit Duvessa but do no damage.
Duvessa is lightly wounded.
Duvessa completely misses you. Duvessa barely misses you.
You hit Duvessa.
Duvessa is lightly wounded.
Duvessa completely misses you.
You hit Duvessa.
Duvessa is lightly wounded.
Duvessa misses you. Duvessa hits you with a short sword.
You hit Duvessa but do no damage.
Duvessa is lightly wounded.
Duvessa is no longer berserk.
Duvessa hits you with a short sword!
You die...

.......#####...#.###.....#
#......................[...
#........###.##.#....######
#.......####.##.#...## #
#.......#....##.#..#### #
#......[#.#####.#.....#####
########..#####.#..........
######.###........##....#
###.......@......#####....#
#........e.#..#.## #..W.#
#######..#...##.# #...<.
#..##.####.# #.....
##.#...# #.# ####..
#)...### #.## ##.. #.....##
#..# #... #.##.## ##.# ##..
#$*#.# #.# #.#


You could see Duvessa.

Vanquished Creatures
  Eustachio (D:4)
  The ghost of asdu the Cudgeler, an average VSWr (D:4)
  2 centaurs
  A scorpion (D:5)
  A hound (D:4)
  Dowan (D:5)
  A giant frog skeleton (D:5)
  A jelly (D:5)
  A worker ant (D:5)
  A hound zombie (D:5)
  A worker ant zombie (D:5)
  2 river rats (D:4)
  4 gnolls
  2 shadow imps (D:5)
  6 adders
  A giant mite (D:3)
  3 worms (D:4)
  2 giant geckos
  An ooze (D:1)
  6 orcs
  4 ball pythons
  18 bats
  A bat skeleton (D:4)
  5 giant cockroaches
  12 hobgoblins
  A giant gecko skeleton (D:4)
  3 giant newts
  9 goblins
  3 jackals (D:5)
  9 kobolds
  A quokka (D:4)
  6 rats
111 creatures vanquished.

Notes
Turn   | Place    | Note
--------------------------------------------------------------
     0 | D:1      | Miyamura, the Deep Dwarf Healer, began the quest for the Orb.
     0 | D:1      | Reached XP level 1. HP: 16/16 MP: 2/2
   216 | D:1      | Reached skill level 1 in Fighting
   260 | D:1      | Reached XP level 2. HP: 22/25 MP: 4/4
   422 | D:1      | Reached skill level 4 in Invocations
  1123 | D:2      | Reached skill level 1 in Armour
  1220 | D:2      | Reached XP level 3. HP: 23/31 MP: 5/5
  1656 | D:2      | You fall through a shaft!
  1719 | D:3      | Found a blossoming altar of Fedhas.
  1760 | D:3      | Reached XP level 4. HP: 35/39 MP: 7/7
  1993 | D:3      | Found a snail-covered altar of Cheibriados.
  3134 | D:4      | Noticed asdu's ghost (average VSWr)
  3198 | D:4      | Found a blossoming altar of Fedhas.
  3204 | D:4      | Found a stormy altar of Qazlal.
  3218 | D:4      | Reached skill level 5 in Invocations
  3383 | D:4      | Noticed Eustachio
  3457 | D:4      | Reached XP level 5. HP: 45/45 MP: 10/10
  3544 | D:4      | Killed Eustachio
  3544 | D:4      | Reached skill level 1 in Polearms
  3544 | D:4      | Reached skill level 6 in Invocations
  3544 | D:4      | Reached XP level 6. HP: 39/55 MP: 11/13
  3710 | D:4      | Killed asdu's ghost
  3877 | D:4      | Noticed a centaur
  3933 | D:4      | Killed a centaur
  3933 | D:4      | Reached XP level 7. HP: 43/62 MP: 13/16
  4027 | D:5      | Entered Level 5 of the Dungeon
  4121 | D:5      | Reached skill level 7 in Invocations
  4334 | D:5      | Acquired Elyvilon's first power
  4773 | D:5      | Noticed WereVolvo's ghost (experienced OgHu)
  4787 | D:5      | Elyvilon protects you from harm!
  4791 | D:5      | Noticed Dowan
  4927 | D:5      | Killed Dowan
  4928 | D:5      | Noticed Duvessa
  4945 | D:5      | Slain by Duvessa

Action                   |  1- 3 |  4- 6 |  7- 9 || total
-------------------------+-------+-------+-------++-------
Melee: Short sword       |   166 |       |       ||   166
       Unarmed           |    15 |       |       ||    15
       Spear             |    45 |   361 |   201 ||   607
Invok: Lesser Self-Heali |     5 |    27 |    20 ||    52
       Lesser Healing    |       |       |    19 ||    19
Evoke: Wand              |       |     7 |     2 ||     9
  Use: Scroll            |       |     9 |       ||     9
  Eat: Chunk             |     4 |     7 |     3 ||    14
       Meat ration       |       |     1 |     1 ||     2
       Beef jerky        |       |       |     2 ||     2
